 Dungeon Crawl Stone Soup version 0.30-a0-585-g93115170b9 (webtiles) character file.

Game seed: 17409810404837446260

158 bjtr the Firebug (level 5, 0/28 HPs)
             Began as a Gargoyle Fire Elementalist on Jan 1, 2023.
             Slain by an orc
             ... wielding a +0 short sword
              (4 damage)
             ... on level 4 of the Dungeon.
             The game lasted 00:15:23 (3547 turns).

bjtr the Firebug (Gargoyle Fire Elementalist)       Turns: 3547, Time: 00:15:24

Health: 0/28       AC:  9    Str: 12    XL:     5   Next: 39%
Magic:  0/9        EV: 12    Int: 23    God:
Gold:   91         SH:  0    Dex: 10    Spells: 7/10 levels left

rFire   . . .      SeeInvis .    u - +2 whip (drain)
rCold   . . .      Faith    .    (no shield)
rNeg    + + .      Spirit   .    j - +0 robe {Will+}
rPois   ∞          Reflect  .    (no helmet)
rElec   +          Harm     .    (no cloak)
rCorr   .          Rampage  .    (no gloves)
Will    +....                    r - +2 pair of boots
Stlth   ++                       (no amulet)
HPRegen 0.24/turn                h - +6 ring of intelligence
MPRegen 0.11/turn                i - ring of positive energy

@: weakened, hasted, very quick
A: sickness immunity, AC +4, negative energy resistance 1, electricity
resistance, torment resistance 1, petrification resistance
a: no special abilities


You were on level 4 of the Dungeon.
You visited 1 branch of the dungeon, and saw 4 of its levels.

You collected 91 gold pieces.

Inventory:

Hand Weapons
 f - a +0 short sword
 k - a +0 spear
 s - a +0 mace
 u - a +2 whip of draining (weapon)
Missiles
 g - 42 stones
Armour
 j - a +0 robe of willpower (worn)
 r - a +2 pair of boots (worn)
Jewellery
 e - a ring of ice
 h - a +6 ring of intelligence (left hand)
 i - a ring of positive energy (right hand)
Scrolls
 a - a scroll of immolation {unknown}
 c - a scroll of teleportation
 n - 2 scrolls of poison {unknown}
 q - a scroll of fog {unknown}
 t - a scroll of identify {unknown}
 w - a scroll of enchant weapon {unknown}
Potions
 b - a potion of magic
 d - a potion of ambrosia
 m - a potion of might {unknown}
 o - a potion of cancellation
 p - a potion of attraction {unknown}
 v - a potion of curing {unknown}


   Skills:
 * Level 0.4 Armour
 + Level 1.7 Dodging
 + Level 2.2 Stealth
 * Level 3.1 Spellcasting
 * Level 2.4 Conjurations
 * Level 4.5 Fire Magic


You had 7 spell levels left.
You knew the following spells:

 Your Spells              Type           Power      Damage    Failure   Level
a - Foxfire               Conj/Fire      76%        2x1d7     2%          1
b - Scorch                Fire           48%        2d7       2%          2

Your spell library contained the following spells:

 Spells                   Type           Power      Damage    Failure   Level
 Inner Flame              Hex/Fire       14%        N/A       14%         3
 Kindle Blastsparks       Fire/Tloc/Air  20%        2d11      19%         3
 Flame Wave               Conj/Fire      19%        2d7       26%         4


Dungeon Overview and Level Annotations

Branches:
Dungeon (4/15)
 Temple: D:4-7

Altars:
Cheibriados

Shops:
D:1 ?[=


Innate Abilities, Weirdness & Mutations

You are immune to sickness and miasma.
Your stone body is resilient. (AC +4)
You are immune to poison.
You resist negative energy. (rN+)
You are resistant to electric shocks. (rElec)
You are resistant to unholy torment.
You are immune to petrification.


Message History

The gnoll bouda hits you with a +0 whip.
The endoplasm freezes you.
You are frozen.
You closely miss the gnoll bouda.
The gnoll bouda is heavily wounded.
The endoplasm freezes you.
You are frozen.
The gnoll bouda gazes fiercely through you!
You feel as though you will be weak longer.
The gnoll bouda closely misses you.
You hear an angry growl.
You hear a shout!
You hit the gnoll bouda but do no damage.
Your punch misses the gnoll bouda.
The gnoll bouda is heavily wounded.
The endoplasm completely misses you. The gnoll bouda barely misses you.
Casting: Scorch (safe; 2% risk of failure)
Confirm with . or Enter, or press ? or * to list all spells.
Flames lash the endoplasm.
The endoplasm is moderately wounded.
The endoplasm's fire resistance burns away.
The gnoll bouda hits you with a +0 whip.
The endoplasm misses you.
The gnoll bouda attacks as you move away!
The gnoll bouda hits you with a +0 whip.
* * * LOW HITPOINT WARNING * * *
An orc comes into view. It is wielding a +0 short sword.
The orc shouts!
The gnoll bouda is no longer more vulnerable to fire.
A dart slug comes into view.
A black bear comes into view.
The gnoll bouda gazes fiercely through you!
You feel as though you will be weak longer.
The endoplasm attacks as you move away! The endoplasm barely misses you.
The orc attacks as you move away! The orc hits you with a +0 short sword.
* * * LOW HITPOINT WARNING * * *
The endoplasm is no longer more vulnerable to fire.
A hobgoblin comes into view.
A phantom comes into view.
There is a stone staircase leading down here.
It was a potion of haste.
You feel yourself speed up. The orc hits you with a +0 short sword.
You die...

w. ## ##.### .. .
#.......##.# .. #.##.......
.## +## #.##..#..W# ...
..## #.##..#.#.# .. ...##
#.##......###.# ....##
#..##...oJ.Sg.#
.....####...#...@#.#.......
...).'............S....#.#.
.....####........###.#$#
....## ##[###.### ...#
...## ### #.# #... ..## #.#
...# +## #.# .#.. .# ..# .#
.##


You could see a phantom, 2 adders, an orc, an endoplasm and a hobgoblin.

Vanquished Creatures
  Jessica (D:3)
  4 gnolls (D:3)
  2 adders
  2 dart slugs
  5 orcs (D:3)
  9 endoplasms
  3 giant cockroaches
  4 goblins
  8 hobgoblins
  4 jackals (D:1)
  2 quokkas (D:3)
  5 ball pythons (D:1)
  3 bats
  A frilled lizard (D:2)
  6 kobolds
  2 rats
61 creatures vanquished.

Vanquished Creatures (others)
  42 foxfires
42 creatures vanquished.

Grand Total: 103 creatures vanquished

Notes
Turn   | Place    | Note
-------+----------+-------------------------------------------
     0 | D:1      | bjtr the Gargoyle Fire Elementalist began the quest for the
                  | Orb.
     0 | D:1      | Reached XP level 1. HP: 10/10 MP: 3/3
   175 | D:1      | Reached XP level 2. HP: 15/15 MP: 0/5
   188 | D:1      | Learned a level 2 spell: Scorch
   369 | D:1      | Found Luesajexor's Jewellery Shop.
   677 | D:1      | Reached XP level 3. HP: 18/19 MP: 0/6
   827 | D:1      | Found Sonacvus's Armour Boutique.
   977 | D:1      | Found Ticzof's Magic Scroll Shoppe.
  2063 | D:2      | Reached skill level 4 in Fire Magic
  2222 | D:3      | Noticed Jessica
  2232 | D:3      | Killed Jessica
  2233 | D:3      | Reached XP level 4. HP: 24/24 MP: 2/7
  2475 | D:3      | Found a snail-covered altar of Cheibriados.
  3027 | D:3      | Reached XP level 5. HP: 28/28 MP: 4/9
  3545 | D:4      | Noticed a black bear
  3546 | D:4      | Noticed a phantom
  3547 | D:4      | Slain by an orc

Illustrated notes

Levels and vault maps discovered:
D:1:      heliophobic_arrival_battle_scene, layout_basic, serial_shops,
          nicolae_shop_competitors_out_of_business, shop, nicolae_square_shop,
          minmay_distorted
D:2:      layout_basic
D:3:      layout_basic, kennysheep_slug_shrine, uniq_jessica
D:4:      layout_loops_corners, minmay_fractal_squares_5, uniq_edmund

Skill      XL: |  1  2  3  4  5 |
---------------+----------------+-----
Fire Magic     | 4 |  4.5
Conjurations   | 2 |  2.4
Spellcasting   | 3 |  3.1
Armour         | |  0.4
Dodging        | |  1.7
Stealth        | |  2.2

Action                   |  1- 3 |  4- 6 || total
-------------------------+-------+-------++-------
Melee: Short sword       |    11 |    10 ||    21
       Whip              |       |     9 ||     9
 Cast: Foxfire           |    23 |     2 ||    25
       Scorch            |    23 |    27 ||    50
  Use: Scroll            |     3 |       ||     3
       Potion            |     2 |     1 ||     3
Armor: Robe              |     8 |    11 ||    19
Dodge: Dodged            |    12 |    23 ||    35

Table legend: (Time is in decaauts)
 A = Elapsed time spent in this place.
 B = Non-inter-level travel time spent in this place.
 C = Inter-level travel time spent in this place.
 D = Time resting spent in this place.
 E = Time spent auto-exploring this place.
 F = Levels seen in this place.
 G = Mean time per level.
                   A        B        C        D        E       F      G
               +--------+--------+--------+--------+--------+-----+--------+
         Total |   3546 |   3469 |     77 |    567 |   2350 |   4 |  886.5 |
       Dungeon |   3546 |   3469 |     77 |    567 |   2350 |   4 |  886.5 |
               +--------+--------+--------+--------+--------+-----+--------+

Top non-repeatable levels by time:
     D:1: 1377 daAuts
     D:3: 1327 daAuts
     D:2: 763 daAuts
     D:4: 78 daAuts
